 Dungeon Crawl Stone Soup version 0.28.0-45-g0d030f2227 (webtiles) character file.

Game seed: 2715316158962716161

27 mightbedylan the Bolt Thrower (level 2, 25/25 HPs)
             Began as a Minotaur Hunter on Feb 26, 2022.
             Quit the game on level 1 of the Dungeon on Apr 10, 2022.
             The game lasted 00:05:50 (473 turns).

mightbedylan the Bolt Thrower (Minotaur Hunter)      Turns: 473, Time: 00:05:51

Health: 25/25      AC:  3    Str: 16    XL:     2   Next: 93%
Magic:  1/1        EV: 12    Int:  8    God:
Gold:   40         SH:  0    Dex: 10    Spells: 1/1 levels left

rFire   . . .      SeeInvis .   a - +1 hand crossbow
rCold   . . .      Faith    .   (no shield)
rNeg    . . .      Spirit   .   c - +0 leather armour
rPois   .          Reflect  .   (helmet restricted)
rElec   .          Harm     .   (no cloak)
rCorr   .          Rampage  .   (no gloves)
Will    .....                   (no boots)
Stlth   +.........              (no amulet)
HPRegen 0.08/turn               (no ring)
MPRegen 0.07/turn               (no ring)

@: no status effects
A: horns 2, retaliatory headbutt
a: no special abilities


You were on level 1 of the Dungeon.
You visited 1 branch of the dungeon, and saw 1 of its levels.

You collected 40 gold pieces.

Inventory:

Hand Weapons
 a - a +1 hand crossbow (weapon)
 b - a +0 short sword
Missiles
 d - 19 bolts (quivered ammo)
Armour
 c - a +0 leather armour (worn)
Scrolls
 f - a scroll of fear {unknown}
 g - a scroll of immolation {unknown}
Potions
 e - a potion of ambrosia {unknown}


   Skills:
 + Level 2.8 Fighting
 * Level 4.8 Crossbows
 + Level 2.6 Dodging
 + Level 1.3 Stealth


You had one spell level left.
You didn't know any spells.
Your spell library was empty.

Dungeon Overview and Level Annotations

Branches:
Dungeon (1/15)

Altars:
Cheibriados


Innate Abilities, Weirdness & Mutations

You have a pair of horns on your head.
You reflexively headbutt those who attack you in melee.


Message History

You shoot a bolt. The bolt hits the hobgoblin!
You kill the hobgoblin!
You shoot a bolt. The bolt hits the rat.
You kill the rat!
You shoot a bolt. The bolt hits the hobgoblin!
You kill the hobgoblin!
You shoot a bolt. The bolt hits the goblin!
You kill the goblin!
d - 15 bolts (gained 2)
Things that are here:
a +0 dagger; a goblin corpse
d - 18 bolts (gained 3)
Things that are here:
a hobgoblin corpse; a rat corpse
d - 19 bolts (gained 1)
Found a leather armour.
Found a snail-covered altar of Cheibriados.
Found 6 gold pieces.
A ball python comes into view.
You now have 34 gold pieces (gained 15).
Found a stone staircase leading down.
There is a snail-covered altar of Cheibriados here.
You kneel at the altar of Cheibriados.
You see here 6 gold pieces.
You shoot a bolt. The ball python hisses angrily.
The bolt hits the ball python!
You kill the ball python!
You now have 40 gold pieces (gained 6).
d - 19 bolts (gained 1)
There is a snail-covered altar of Cheibriados here.
g - a scroll labelled PIDOUSOAZY Unknown command.
Save game and exit?
Welcome back, mightbedylan the Minotaur Hunter.
Press ? for a list of commands and other information.
Save game and exit?
Okay, then.
Unknown command.
Are you sure you want to abandon this character and quit the game? (Confirm with "yes".)

###### .....#
#######.....## .......
#...# #...#.###...#####
#######.###...##...>..#
.....)†..#......@.....#
.#####...#.._..#.###..#
.# ###......[#..# .#
#.##...###.# .#
#..###.# .# .# ##.#
.... ## ## ...####..
### ##


There were no monsters in sight!

Vanquished Creatures
  A dart slug (D:1)
  5 ball pythons (D:1)
  3 endoplasms (D:1)
  A giant cockroach (D:1)
  3 goblins (D:1)
  2 hobgoblins (D:1)
  2 jackals (D:1)
  2 bats (D:1)
  A frilled lizard (D:1)
  2 rats (D:1)
22 creatures vanquished.

Notes
Turn   | Place    | Note
-------+----------+-------------------------------------------
     0 | D:1      | mightbedylan the Minotaur Hunter began the quest for the
                  | Orb.
     0 | D:1      | Reached XP level 1. HP: 18/18 MP: 0/0
    69 | D:1      | Reached skill level 1 in Stealth
   281 | D:1      | Reached XP level 2. HP: 25/25 MP: 1/1
   446 | D:1      | Found a snail-covered altar of Cheibriados.
   472 | D:1      | Upgraded the game from 0.28.0-1-gb440e238dd to
                  | 0.28.0-45-g0d030f2227
   473 | D:1      | Quit the game

Illustrated notes

Levels and vault maps discovered:
D:1:      kennysheep_arrival_seaside, layout_loops_ring, nrook_uturn,
          minivault_27, minmay_hexomino_r4

Skill      XL: |  1 |
---------------+----+-----
Stealth        | 1 |  1.3
Fighting       | |  2.8
Crossbows      | |  4.8
Dodging        | |  2.6

Action                   || total
-------------------------++-------
Melee: Short sword       ||    19
       Headbutt          ||     3
 Fire: Hand crossbow     ||    23
Armor: Leather armour    ||    11
Dodge: Dodged            ||    11
